 Dungeon Crawl Stone Soup version 0.30.1-11-g7821555f0a (webtiles) character file.

Game seed: 12161736692545459484

266 Martska the Conjurer (level 6, 0/39 HPs)
             Began as an Octopode Conjurer on Nov 20, 2023.
             Succumbed to a scorpion's poison
             ... on level 3 of the Dungeon.
             The game lasted 00:09:40 (3447 turns).

Martska the Conjurer (Octopode Conjurer)            Turns: 3447, Time: 00:09:41

Health: 0/39       AC:  1    Str:  6    XL:     6   Next: 20%
Magic:  6/10       EV: 13    Int: 22    God:
Gold:   191        SH:  0    Dex: 11    Spells: 10/11 levels left

rFire   . . .        j - staff of death
rCold   . . .        (no shield)
rNeg    + . .        (helmet restricted)
rPois   .            r - amulet of guardian spirit
rElec   .            (no ring)
rCorr   .            (no ring)
SInv    .            (no ring)
Will    .....        (no ring)
Stlth   +++          (no ring)
HPRegen 0.26/turn    (no ring)
MPRegen 0.12/turn    (no ring)
                     (no ring)

%: guardian spirit
@: mighty, brilliant, lethally poisoned (0 -> -2), flying
A: almost no armour, amphibious, 8 rings, camouflage 1, gelatinous body 1,
(nimble swimmer 1), tentacles
a: no special abilities


You were on level 3 of the Dungeon.
You visited 1 branch of the dungeon, and saw 4 of its levels.

You collected 191 gold pieces.

Inventory:

Hand Weapons
 c - a +0 short sword
 h - a +0 spear
Magical Staves
 j - a staff of death (weapon)
Jewellery
 r - an amulet of guardian spirit (around mantle)
Scrolls
 f - 2 scrolls of identify
 k - a scroll of teleportation {unknown}
 o - a scroll of butterflies {unknown}
 p - a scroll of fear {unknown}
 q - 2 scrolls of magic mapping
Potions
 a - a potion of magic
 d - a potion of berserk rage
 e - 2 potions of lignification
 g - a potion of experience
 i - a potion of haste
 m - 2 potions of might


   Skills:
 + Level 2.0 Fighting
 + Level 3.0 Dodging
 + Level 4.1 Stealth
 * Level 3.1 Spellcasting
 - Level 4.2 Conjurations
 * Level 1.9 Necromancy
 * Level 2.2 Evocations


You had 10 spell levels left.
You knew the following spells:

 Your Spells              Type           Power      Damage    Failure   Level
a - Magic Dart            Conj           100%       1d8       2%          1

Your spell library contained the following spells:

 Spells                   Type           Power      Damage    Failure   Level
 Searing Ray              Conj           66%        2d6       3%          2
 Dazzling Flash           Conj/Hex       38%        N/A       16%         3
 Fulminant Prism          Conj/Hex       9%         3d7       45%         4
 Iskenderun's Mystic Bla  Conj/Tloc      19%        2d6       45%         4


Dungeon Overview and Level Annotations

Branches:
Dungeon (4/15)
 Temple: D:4-7

Altars:


Innate Abilities, Weirdness & Mutations

You cannot wear most types of armour.
You are amphibious.
You can wear up to eight rings at the same time.
Your skin changes colour to match your surroundings (Stealth+).
Your rubbery body absorbs attacks. (AC +1, EV +1)
((You are camouflaged when in or above water. (Stealth+)))
You have tentacles for arms and can constrict up to eight enemies at once.


Message History

You feel very mighty all of a sudden.
You constrict the scorpion.
You feel very sick. The scorpion closely misses you.
You hit the scorpion! You squeeze the scorpion.
You kill the scorpion!
* * * LOW HITPOINT WARNING * * *
You feel very sick.
Your Fighting skill increases to level 2!
Your Dodging skill increases to level 3!
Your Spellcasting skill increases to level 3!
Your Evocations skill increases to level 2!
You have reached level 6!
As you read the scroll labelled GYITTU FUAVYAK, it crumbles to dust.
It is a scroll of identify.
d - a potion of berserk rage
* * * LOW HITPOINT WARNING * * *
You feel very sick.
As you read the scroll of identify, it crumbles to dust.
q - 2 scrolls of magic mapping
* * * LOW HITPOINT WARNING * * *
You feel sick.
As you read the scroll of identify, it crumbles to dust.
g - a potion of experience
* * * LOW HITPOINT WARNING * * *
You feel sick.
It was a potion of brilliance.
You feel clever all of a sudden.
* * * LOW HITPOINT WARNING * * *
You feel sick.
It was a potion of flight.
You feel very buoyant.
You fly up into the air.
* * * LOW HITPOINT WARNING * * *
You feel sick.
A kobold comes into view. It is wielding a +0 dagger.
* * * LOW HITPOINT WARNING * * *
You feel sick.
You fly upwards.
You die...

## .# #### ####### .# ##..#
#.....### .# #..## #.###..<## .#
#.## #.# ###..## .#
#.##########.# ##..# .###
##.#<.@.......## ##.# ...#
#..#...........## #..
##.########.##.........#..# #..
.........##.##.........##.#####..
.........##.##.........##..##...#
.........##.##.........###..#.###
............##.........# ##...# #
##########..########.######...###
#..########..........#..


There were no monsters in sight!

Vanquished Creatures
  A phantom (D:3)
  A scorpion (D:4)
  A hound (D:3)
  3 adders
  2 worms
  2 dart slugs (D:1)
  An orc (D:3)
  6 ball pythons
  5 endoplasms
  7 giant cockroaches
  4 goblins
  9 hobgoblins
  7 jackals
  4 kobolds
  A quokka (D:3)
  2 bats
  A frilled lizard (D:2)
  7 rats
64 creatures vanquished.

Notes
Turn   | Place    | Note
-------+----------+-------------------------------------------
     0 | D:1      | Martska the Octopode Conjurer began the quest for the Orb.
     0 | D:1      | Reached XP level 1. HP: 11/11 MP: 3/3
   270 | D:1      | Reached XP level 2. HP: 18/18 MP: 1/5
   689 | D:1      | Reached XP level 3. HP: 22/22 MP: 1/6
   863 | D:1      | Reached skill level 1 in Fighting
  1633 | D:2      | Reached XP level 4. HP: 28/28 MP: 5/7
  1813 | D:2      | Found a faded altar of an unknown god.
  2470 | D:3      | Reached skill level 1 in Evocations
  2972 | D:4      | Noticed a phantom
  3142 | D:3      | Killed a phantom
  3143 | D:3      | Reached skill level 1 in Necromancy
  3143 | D:3      | Reached XP level 5. HP: 27/34 MP: 0/9
  3441 | D:4      | Reached XP level 6. HP: 9/39 MP: 5/10
  3447 | D:3      | Succumbed to a scorpion's poison

Illustrated notes

Levels and vault maps discovered:
D:1:      dpeg_arrival_prison, layout_basic, corexii_leaking_fountain,
          minmay_misc_feat_enclosed
D:2:      layout_rooms, dreamdust_ecumenical_altar_angels_and_demons
D:3:      layout_rooms
D:4:      layout_rooms

Skill      XL: |  1  2  3  4  5 |
---------------+----------------+-----
Stealth        | 3 4 |  4.1
Fighting       | 1 2 |  2.0
Evocations     | 1 2 |  2.2
Necromancy     | 1 |  1.9
Dodging        | 3 |  3.0
Spellcasting   | 3 |  3.1
Conjurations   | |  4.2

Action                     |  1- 3 |  4- 6 || total
---------------------------+-------+-------++-------
  Melee: Constrict         |     6 |     2 ||     8
         Tentacles         |     4 |     1 ||     5
         Unarmed           |     3 |       ||     3
         Short sword       |     1 |       ||     1
         Staff             |     6 |    13 ||    19
         Spear             |     6 |       ||     6
   Cast: Magic Dart        |    77 |    71 ||   148
    Use: Potion            |     1 |     9 ||    10
         Scroll            |       |     3 ||     3
 Armour: Skin              |       |     7 ||     7
  Dodge: Dodged            |    25 |    20 ||    45
